 Dungeon Crawl Stone Soup version 0.28.0-45-g0d030f2227 (webtiles) character file.

Game seed: 12195170086419989367

270 101zpm the Magician (level 6, -6/43 HPs)
             Began as a Djinni Ice Elementalist on Apr 13, 2022.
             Mangled by a gnoll shaman
             ... wielding a +0 club
              (10 damage)
             ... on level 4 of the Dungeon.
             The game lasted 00:11:31 (4157 turns).

101zpm the Magician (Djinni Ice Elementalist)       Turns: 4157, Time: 00:11:31

Health: -6/43      AC:  5    Str:  7    XL:     6   Next: 46%
Gold:   99         EV: 11    Int: 19    God:
                   SH:  0    Dex: 13

rFire   + + .      SeeInvis .   l - +1 dagger (pain)
rCold   . . .      Faith    .   (no shield)
rNeg    . . .      Spirit   .   r - +2 leather armour {rC+}
rPois   ∞          Reflect  .   (no helmet)
rElec   .          Harm     .   (no cloak)
rCorr   .          Rampage  .   (no gloves)
Will    .....                   (boots unavailable)
Stlth   ++........              (no amulet)
HPRegen 0.14/turn               (no ring)
MPRegen 0.00/turn               (no ring)

@: freezing walls, flying
A: sickness immunity, fire resistance 2, cold vulnerability 1, float, innate
caster, HP casting, extra vitality 1
a: no special abilities


You were on level 4 of the Dungeon.
You visited 1 branch of the dungeon, and saw 5 of its levels.

You collected 99 gold pieces.

Inventory:

Hand Weapons
 l - a +1 dagger of pain (weapon)
Missiles
 g - 16 stones
 h - 57 arrows
 n - 20 bolts
 p - a throwing net
Armour
 a - a +0 robe
 r - a +2 leather armour of cold resistance (worn)
Jewellery
 i - a +4 ring of evasion
Scrolls
 b - a scroll of teleportation {unknown}
 d - a scroll of identify {unknown}
 e - a scroll of magic mapping {unknown}
 j - a scroll of noise {unknown}
 m - a scroll of enchant armour {unknown}
 s - a scroll of vulnerability {unknown}
Potions
 c - a potion of haste
 f - 2 potions of berserk rage {unknown}
 k - a potion of mutation {unknown}
 o - a potion of degeneration {unknown}
 q - a potion of heal wounds {unknown}


   Skills:
 + Level 1.7 Fighting
 + Level 2.5 Dodging
 + Level 2.0 Stealth
 + Level 5.2 Spellcasting


You had one spell level left.
You knew the following spells:

 Your Spells              Type           Power      Damage    Failure   Level
a - Freeze                Ice            100%       1d11      1%          1
b - Frozen Ramparts       Ice            50%        1d7       6%          3
c - Ozocubu's Armour      Ice            25%        N/A       6%          3
d - Hailstorm             Conj/Ice       25%        3d7       21%         4
e - Summon Small Mammal   Summ           100%       N/A       1%          1
f - Call Imp              Summ           25%        N/A       3%          2
Your spell library was empty.

Dungeon Overview and Level Annotations

Branches:
Dungeon (5/15)
 Temple: D:4-7

Altars:


Innate Abilities, Weirdness & Mutations

You are immune to sickness and miasma.
You are immune to poison.
Your flesh is very heat resistant. (rF++)
You are vulnerable to cold. (rC-)
You float through the air rather than walking.
You learn spells naturally, not from books.
Your magical power is your life essence.
You have superior vitality. (+4 MHP)


Message History

You swap places.
Your icy armour cracks and falls away as you move.
The frozen ramparts melt away as you move.
The gnoll barely misses you.
Your quokka closely misses the gnoll.
Your quokka bites the gnoll shaman but does no damage.
The gnoll hits you from afar with a +0 spear.
Your shadow imp gestures at the gnoll.
The gnoll barely resists.
Your quokka closely misses the gnoll.
The gnoll shaman misses you. The gnoll barely misses you.
Your quokka bites the gnoll shaman but does no damage.
There is a stone staircase leading up here.
The gnoll closely misses you.
Your quokka bites the gnoll but does no damage.
Your quokka barely misses the gnoll shaman.
The gnoll shaman hits you but does no damage.
The gnoll hits you from afar with a +0 spear.
Your quokka closely misses the gnoll.
You fly upwards.
The orc shouts!
You hear an angry hiss.
You hear a shout!
An adder comes into view.
Found 16 bolts.
There is a stone staircase leading down here.
Casting: Call Imp (safe; 3% risk of failure)
Confirm with . or Enter, or press ? or * to list all spells.
Casting: Frozen Ramparts (dangerous; 6% risk of failure)
Press: ? - help, Dir - look around, f - activate A stone staircase leading down.
The walls around you are covered in ice.
* * * LOW HITPOINT WARNING * * *
The wall freezes the gnoll shaman.
The gnoll shaman hits you with a +0 club!
* * * LOW HITPOINT WARNING * * *
An orc comes into view. It is wielding a +0 trident.
You barely miss the gnoll shaman.
The gnoll shaman is severely wounded.
The orc shouts!
You hear a shout!
The wall freezes the gnoll shaman.
The gnoll shaman hits you with a +0 club!
You die...

..........
.........
(...S....
.........
o.....#
.o..# #.g#
#.@# ####


You could see a gnoll shaman, an adder and 2 orcs.

Vanquished Creatures
  An iguana (D:5)
  An adder (D:2)
  A worm (D:4)
  A dart slug (D:1)
  6 endoplasms
  A giant cockroach (D:1)
  6 goblins
  5 hobgoblins
  2 jackals (D:1)
  6 quokkas
  12 ball pythons
  2 bats
  3 frilled lizards
  4 kobolds
  2 rats
53 creatures vanquished.

Vanquished Creatures (collateral kills)
  Eustachio (D:5)
  Ijyb (D:5)
  A dart slug (D:1)
  A ball python (D:1)
  A jackal (D:1)
5 creatures vanquished.

Grand Total: 58 creatures vanquished

Notes
Turn   | Place    | Note
-------+----------+-------------------------------------------
     0 | D:1      | 101zpm the Djinni Ice Elementalist began the quest for the
                  | Orb.
     0 | D:1      | Reached XP level 1. HP: 15/15 MP: 0/0
     2 | D:1      | You are sucked into a shaft and drop 1 floor!
   280 | D:1      | Reached XP level 2. HP: 18/21 MP: 0/0
   903 | D:1      | Reached XP level 3. HP: 24/25 MP: 0/0
   903 | D:1      | Learned a level 1 spell: Summon Small Mammal
  1259 | D:1      | Reached skill level 4 in Spellcasting
  2167 | D:2      | Reached XP level 4. HP: 30/31 MP: 0/0
  3581 | D:5      | Entered Level 5 of the Dungeon
  3625 | D:5      | Reached skill level 1 in Fighting
  3625 | D:5      | Reached XP level 5. HP: 32/37 MP: 0/0
  3625 | D:5      | Learned a level 2 spell: Call Imp
  3749 | D:5      | Noticed Eustachio
  3782 | D:5      | Killed Eustachio
  3783 | D:5      | Reached skill level 5 in Spellcasting
  3783 | D:5      | Reached XP level 6. HP: 13/43 MP: 0/0
  4122 | D:5      | Noticed Ijyb
  4144 | D:5      | Killed Ijyb
  4157 | D:4      | Mangled by a gnoll shaman

Illustrated notes

Levels and vault maps discovered:
D:1:      nicolae_arrival_washed_ashore, layout_loops_ring, grunt_decor_junction
D:2:      layout_loops_ring, glass_columns_a
D:3:      layout_rooms
D:4:      layout_basic
D:5:      layout_basic, minmay_temple_entry_from_below_a,
          ebering_ghost_disaster_area, uniq_eustachio, uniq_ijyb

Skill      XL: |  1  2  3  4  5 |
---------------+----------------+-----
Spellcasting   | 4 5 |  5.2
Fighting       | 1 |  1.7
Stealth        | 2 |  2.0
Dodging        | |  2.5

Action                   |  1- 3 |  4- 6 || total
-------------------------+-------+-------++-------
Melee: Unarmed           |     4 |     1 ||     5
       Dagger            |       |     9 ||     9
 Cast: Freeze            |    51 |    28 ||    79
       Summon Small Mamm |     9 |    14 ||    23
       Frozen Ramparts   |       |     8 ||     8
       Call Imp          |       |     5 ||     5
       Ozocubu's Armour  |       |     2 ||     2
       Hailstorm         |       |     1 ||     1
Armor: Robe              |     5 |     7 ||    12
       Leather armour    |       |     1 ||     1
Dodge: Dodged            |    31 |    15 ||    46
